AoeStats
← testa

Arabia

503964695Analyzed
1v1 RM · 29d ago on Sep 3, 2026· 30m 14s· 2 players
Game mode
Random Map
Map size
Tiny (2 player)
Population
200
Speed
Normal
Resources
Standard
Victory
Conquest
Starting age
Dark Age
Ending age
Imperial Age
RankedLock teamsTeams togetherTeam positionsShared explorationLock speedFull tech treeHidden civsTurbo modeCheats
Victory
Defeat
🇮🇹 Japanese · Italy
853
+15
🇷🇴 Inca · Romania
830
-15
YK@
8:30 Loom
10:51 Feudal Age
16:01 Castle Age
13:58 Double-Bit Axe
13:59 Horse Collar
14:31 Fletching
25:31 Stone Mining
26:27 Treadmill Crane
27:31 Heavy Plow
27:44 Bow Saw
28:50 Wheelbarrow
testa
10:48 Loom
12:57 Feudal Age
12:59 Man-at-Arms
13:30 Double-Bit Axe
13:30 Horse Collar
20:00 Castle Age
18:08 Gold Mining
18:07 Arson
18:54 Fletching
19:06 Scale Mail Armor
20:26 Long Swordsman
23:02 Gambesons
26:52 Squires
27:11 Chain Mail Armor
27:07 Forging
28:08 Forging
Connection lost

Rejoining the realm…

Still unreachable

The connection could not be restored.

Session expired

The server has moved on; the page needs a fresh start.